 Dungeon Crawl Stone Soup version 0.24-a0-619-gb7544fd (webtiles) character file.

Game seed: 6421556302219503492, levelgen mode: deterministic

15210 BoppinsLewinski the Grappler (level 11, -14/98 HPs)
             Began as a Troll Monk on Sept 18, 2019.
             Was a High Priest of Hepliaklqana.
             Demolished by Snorg (19 damage)
             ... on level 4 of the Lair of Beasts.
             The game lasted 00:29:44 (10302 turns).

BoppinsLewinski the Grappler (Troll Monk)          Turns: 10302, Time: 00:29:44

Health: -14/98     AC:  7    Str: 28    XL:     11   Next: 98%
Magic:  12/12      EV: 15    Int:  6    God:    Hepliaklqana [*****.]
Gold:   736        SH:  6    Dex: 17    Spells: 10/10 levels left

rFire    . . .     SeeInvis +     - Unarmed
rCold    . . .     Gourm    +   (no shield)
rNeg     . . .     Faith    .   I - +0 robe of Beauty {rPois MR+ SInv}
rPois    +         Spirit   .   (helmet restricted)
rElec    .         Reflect  +   a - +0 cloak
rCorr    .         Harm     .   (gloves unavailable)
MR       +....                  (boots unavailable)
Stlth    ++........             w - +6 amulet of reflection
HPRegen  0.66/turn              C - +4 ring of dexterity
MPRegen  0.13/turn              (no ring)

@: mighty
A: large, unfitting armour, reduced essence, claws 3, fast metabolism 3,
gourmand, regeneration 1, shaggy fur 1, tough skin 3
a: Recall Ancestor, Ancestor Identity, Transference, Idealise, Renounce Religion


You were on level 4 of the Lair of Beasts.
You worshipped Hepliaklqana.
Hepliaklqana was extremely pleased with you.
You were completely stuffed.

You visited 3 branches of the dungeon, and saw 14 of its levels.

You collected 736 gold pieces.

Inventory:

Armour
 a - a +0 cloak (worn)
 I - the +0 robe of Beauty (worn) {rPois MR+ SInv}
   (You found it on level 4 of the Lair of Beasts)

   It protects you from poison.
   It affects your resistance to hostile enchantments.
   It lets you see invisible.
Jewellery
 w - a +6 amulet of reflection (around neck)
 C - a +4 ring of dexterity (left claw)
Wands
 f - a wand of disintegration (16)
 h - a wand of random effects (16)
 m - a wand of acid (17)
 F - a wand of enslavement (1)
 H - a wand of flame (14)
Scrolls
 c - 3 scrolls of teleportation
 e - 9 scrolls of remove curse
 g - 4 scrolls of enchant armour
 j - 2 scrolls of immolation
 l - 4 scrolls of enchant weapon
 n - a scroll of magic mapping
 r - a scroll of fear {unknown}
 s - 2 scrolls of noise {unknown}
 x - a scroll of summoning {unknown}
 y - 2 scrolls of blinking {unknown}
 A - 2 scrolls of fog {unknown}
 D - a scroll of silence {unknown}
Potions
 d - 2 potions of brilliance
 k - 5 potions of curing
 o - a potion of resistance
 p - 2 potions of invisibility
 q - 2 potions of might
 t - a potion of lignification
 u - a potion of ambrosia
 v - a potion of flight
 z - a potion of agility
 B - 2 potions of mutation
Comestibles
 b - 22 rations
 E - 4 chunks of flesh


   Skills:
 + Level 7.5 Fighting
 + Level 6.9 Armour
 + Level 7.5 Dodging
 - Level 1.0 Stealth
 * Level 12.0 Unarmed Combat
 + Level 3.7 Invocations
 + Level 3.0 Evocations


You had 10 spell levels left.
You didn't know any spells.
Your spell library contained the following spells:

 Spells                   Type           Power        Failure   Level  Hunger
 Animate Skeleton         Necr           N/A          45%         1    ##.....
 Apportation              Tloc           #.....       45%         1    ##.....
 Confusing Touch          Hex            #.....       45%         1    ##.....
 Magic Dart               Conj           #...         45%         1    ##.....
 Summon Small Mammal      Summ           #...         45%         1    ##.....
 Searing Ray              Conj           #.....       58%         2    ###....
 Dazzling Spray           Conj/Hex       #.....       83%         3    ####...
 Force Lance              Conj/Tloc      #.......     99%         4    #####..
 Fulminant Prism          Conj/Hex       #.........   99%         4    #####..
 Iskenderun's Mystic Bla  Conj           #.......     99%         4    #####..


Dungeon Overview and Level Annotations

Branches:
Dungeon (9/15)             Temple (1/1) D:6            Lair (4/6) D:9
 Spider (0/4) Lair:2
  Swamp: Lair:2-4    Shoals: Lair:2-4       Orc: D:9-12

Altars:
Ashenzari
Dithmenos
Elyvilon
Fedhas
Gozag
Hepliaklqana
Kikubaaqudgha
Nemelex Xobeh
Qazlal
Ru
Sif Muna
Trog
Uskayaw
Vehumet
Wu Jian
Xom
Zin
The Shining One
Beogh

Annotations:
D:6 Blork the orc
D:8 3 runed translucent doors, frimble's ghost, novice OpGl
Lair:1 exclusion: oklob plant
Lair:2 1 runed translucent door, CowFu's ghost, journeyman HOAK
Lair:4 Snorg


Innate Abilities, Weirdness & Mutations

You are too large for most types of armour.
You have claws for hands.
Your metabolism is lightning-fast.
You like to eat raw meat.
Your natural rate of healing is unusually fast.
You are covered in fur. (AC +1)
You have extremely tough skin. (AC +3)
Your life essence is reduced to manifest your ancestor. (-10% HP)


Message History

Evoke which item? (* ta show all) (? fer menu, 'sc ta quit) Aimin': Corrosive Bolt
Press: ? - help, Shift-Dir - straight line, f/p - Snorg
Aim: Snorg (heavily wounded, berserk, fast, unusu'lly strong, cov'red in acid) Tha bolt o' acid misses Snorg.
Snorg bites ye!!
* * * LOW HITPOINT WARNIN'
* * * Snorg claws ye.
* * * LOW HITPOINT WARNIN'
* * * Snorg barely misses ye.
Cornelleus IV points at Snorg an' mumbles some strange words.
Tha stone arrow hits Snorg!!
Unknown command.
Evoke which item? (* ta show all) (? fer menu, 'sc ta quit) Aimin': Corrosive Bolt
Press: ? - help, Shift-Dir - straight line, f/p - Snorg
Aim: Snorg (severely wounded, berserk, fast, unusu'lly strong, cov'red in acid) Tha bolt o' acid hits Snorg!
Snorg be splashed wit' acid.
Snorg be severely wounded.
Snorg bites ye!!
Ye die...

##..................####...
##. ...##............ ... #
... ###.....P.....
...####....P......
#..............##
#...............
.#..........#....
#...........#...#
#P...^.@.t......#
.......T.....#.#
.#....R.......##
#.......#..<..#
#.......#....PP.
##.....###P..... ###....
#.... ##### #..


You could see the friendly Cornelleus IV the battlemage, Snorg (berserk) and a
crocodile.

Vanquished Creatures
  Harold (D:7)
  A hydra (Lair:2)
  A torpor snail (Lair:4)
  A spiny frog (Lair:1)
  3 komodo dragons
  2 hornets
  2 hippogriffs
  8 yaks
  2 wyverns (Lair:3)
  A hungry ghost (D:9)
  Menkaure (D:5)
  A soldier ant (D:9)
  3 water moccasins
  A sky beast (D:5)
  3 orc warriors
  5 porcupines
  A slave (D:6)
  A wolf (Lair:3)
  4 ogres
  2 phantoms
  2 centaurs
  5 crocodiles
  A big kobold (D:9)
  5 bullfrogs
  A wyvern zombie (D:9)
  4 scorpions
  A water moccasin skeleton (D:5)
  8 howler monkeys
  A centaur zombie (D:9)
  3 crimson imps
  5 orc priests
  4 hounds
  A jelly (D:7)
  5 orc wizards
  5 iguanas
  Jessica (D:2)
  Terence (D:2)
  5 worker ants
  2 hound zombies
  3 hound skeletons
  Robin (D:2)
  4 gnolls (D:9)
  2 howler monkey skeletons
  8 adders
  A shadow imp (D:6)
  An ooze (D:1)
  2 adder skeletons (D:9)
  A worm (D:4)
  3 dart slugs
  4 leopard geckos
  17 orcs
  A ball python (D:3)
  6 bats
  4 giant cockroaches (D:1)
  15 goblins
  15 hobgoblins
  9 jackals
  6 quokkas
  5 frilled lizards
  15 kobolds
  A leopard gecko skeleton (D:4)
  A quokka skeleton (D:4)
  9 rats
238 creatures vanquished.

Vanquished Creatures (collateral kills)
  Nessos (Lair:4)
  Sonja (Lair:1)
  Pikel (D:6)
  Joseph (D:8)
  A black mamba (Lair:2)
  2 spiny frogs (Lair:2)
  A komodo dragon (Lair:1)
  6 yaks
  2 basilisks (Lair:1)
  3 water moccasins (Lair:3)
  A porcupine (Lair:3)
  An orc warrior (D:7)
  2 wolves (Lair:4)
  A crocodile (Lair:2)
  A howler monkey (D:7)
  2 crimson imps
  4 orcs
  A quokka (D:6)
  A ball python (D:6)
  A plant (Lair:1)
34 creatures vanquished.

Vanquished Creatures (others)
  A komodo dragon (Lair:4)
  A wolf (Lair:4)
  4 battlemagi
  A goblin (D:2)
  2 fungi
  A plant (Lair:2)
  2 withered plants (Lair:2)
12 creatures vanquished.

Grand Total: 284 creatures vanquished

Notes
Turn   | Place    | Note
-------+----------+-------------------------------------------
     0 | D:1      | BoppinsLewinski the Troll Monk began the quest for the Orb.
     0 | D:1      | Reached XP level 1. HP: 22/22 MP: 0/0
    59 | D:1      | Reached XP level 2. HP: 25/29 MP: 1/1
   279 | D:1      | Reached XP level 3. HP: 35/36 MP: 2/2
   500 | D:1      | Reached skill level 1 in Armour
   780 | D:2      | Noticed Terence
   785 | D:2      | Killed Terence
   785 | D:2      | Reached XP level 4. HP: 35/44 MP: 3/3
   802 | D:2      | Reached skill level 4 in Unarmed Combat
   805 | D:2      | Noticed Jessica
   810 | D:2      | Killed Jessica
   820 | D:2      | Noticed Robin
   891 | D:2      | Killed Robin
   891 | D:2      | Reached XP level 5. HP: 48/53 MP: 4/4
  1927 | D:4      | Reached XP level 6. HP: 54/61 MP: 5/5
  1942 | D:4      | Reached skill level 5 in Unarmed Combat
  2541 | D:5      | Entered Level 5 of the Dungeon
  2548 | D:5      | Noticed a sky beast
  2559 | D:5      | Killed a sky beast
  2559 | D:5      | Reached XP level 7. HP: 61/68 MP: 6/6
  2653 | D:5      | Noticed Menkaure
  2661 | D:5      | Killed Menkaure
  2661 | D:5      | Reached skill level 6 in Unarmed Combat
  3070 | D:6      | Found a staircase to the Ecumenical Temple.
  3086 | Temple   | Entered the Ecumenical Temple
  3108 | Temple   | Became a worshipper of Hepliaklqana the Forgotten
  3108 | Temple   | Reached * piety under Hepliaklqana
  3108 | Temple   | Reached ** piety under Hepliaklqana
  3109 | Temple   | Remembered your ancestor Cornelleus IV as a battlemage
  3146 | D:6      | Reached XP level 8. HP: 50/70 MP: 7/7
  3395 | D:6      | Found an ornate altar of the Wu Jian Council.
  3413 | D:6      | Reached skill level 7 in Unarmed Combat
  3529 | D:6      | Noticed Blork the orc
  3600 | D:6      | Noticed Pikel
  3617 | D:6      | Killed Pikel
  3905 | D:6      | Reached skill level 5 in Fighting
  3905 | D:6      | Reached skill level 5 in Dodging
  3905 | D:6      | Reached skill level 8 in Unarmed Combat
  3905 | D:6      | Reached XP level 9. HP: 33/79 MP: 8/8
  4263 | D:7      | Reached *** piety under Hepliaklqana
  4269 | D:7      | Found an opulent altar of Gozag.
  4298 | D:7      | Noticed Harold
  4307 | D:7      | Killed Harold
  4307 | D:7      | Reached skill level 9 in Unarmed Combat
  5207 | D:8      | Noticed Joseph
  5216 | D:8      | Killed Joseph
  5216 | D:8      | Reached skill level 5 in Armour
  5365 | D:8      | Reached XP level 10. HP: 86/88 MP: 9/9
  5474 | D:8      | Found a runed translucent gate.
  5475 | D:8      | Found a runed translucent gate.
  5475 | D:8      | Noticed frimble's ghost (novice OpGl)
  5476 | D:8      | Found a runed translucent gate.
  5482 | D:8      | Found a roughly hewn altar of Beogh.
  5484 | D:8      | Identified the cursed +1 chain mail of Niad {*Slow rF+
                  | Int+5}
  5965 | D:8      | Reached skill level 10 in Unarmed Combat
  6019 | D:9      | Found a staircase to the Lair.
  6453 | D:9      | Reached **** piety under Hepliaklqana
  6873 | Lair:1   | Entered Level 1 of the Lair of Beasts
  6899 | Lair:1   | Reached skill level 1 in Invocations
  6905 | Lair:1   | Reached skill level 1 in Evocations
  7288 | Lair:1   | Noticed an oklob plant
  7321 | Lair:1   | Reached skill level 11 in Unarmed Combat
  7323 | Lair:1   | Reached XP level 11. HP: 69/96 MP: 9/11
  7690 | Lair:1   | Noticed Sonja
  7697 | Lair:1   | Killed Sonja
  8201 | Lair:2   | Noticed a four-headed hydra
  8205 | Lair:2   | Killed a four-headed hydra
  8412 | Lair:2   | Found a hole to the Spider Nest.
  8557 | Lair:2   | Found a runed translucent door.
  8557 | Lair:2   | Noticed CowFu's ghost (journeyman HOAK)
  9279 | Lair:3   | Reached ***** piety under Hepliaklqana
  9693 | Lair:4   | Noticed Nessos
 10019 | Lair:4   | Killed Nessos
 10114 | Lair:4   | Got a crude robe
 10115 | Lair:4   | Identified the +0 robe of Beauty {rPois MR+ SInv} (You
                  | found it on level 4 of the Lair of Beasts)
 10141 | Lair:4   | Reached skill level 12 in Unarmed Combat
 10288 | Lair:4   | Noticed Snorg
 10301 | Lair:4   | HP: 4/98 [Snorg (3)]
 10302 | Lair:4   | Demolished by Snorg

Levels and vault maps discovered:
D:1:      minmay_arrival_open_corners, layout_loops_cross
D:2:      layout_rooms, first_ration, uniq_terence, uniq_jessica, uniq_robin
D:3:      layout_basic, bh_walls_and_bars
D:4:      layout_basic
D:5:      layout_cave_pools, uniq_menkaure
D:6:      layout_loops_cross, nicolae_overflow_hidden_temple,
          minmay_temple_entry_wispy, lightli_corner_chamber, uniq_pikel,
          uniq_blork_the_orc
D:7:      layout_basic, basic_altar, uniq_harold
D:8:      layout_loops_ring, biasface_ghost_orc_armoury, uniq_joseph
D:9:      layout_loops_ring, lair_entry_dummy, hangedman_pestilent_swarm
Temple:   grunt_wide_crystal_templ
Lair:1:   layout_big_grid, minmay_stone_trees_small, minmay_lair_oklob_chamber,
          uniq_sonja
Lair:2:   layout_cave_pods, dummy_spider_entry, gammafunk_ghost_grave,
          grunt_megastairs_1
Lair:3:   layout_concentric_octagons, minmay_holes
Lair:4:   layout_misc_corridors, minmay_swamp_entry_worms, grunt_megastairs_2,
          uniq_snorg, uniq_nessos

Skill      XL: |  1  2  3  4  5  6  7  8  9 10 11 |
---------------+----------------------------------+-----
Armour         | 1 2 3 4 5 6 |  6.9
Unarmed Combat | 4 5 6 8 9 11 12 | 12.0
Dodging        | 3 4 5 6 7 |  7.5
Fighting       | 3 4 5 6 7 |  7.5
Invocations    | 1 3 |  3.7
Evocations     | 1 3 |  3.0
Stealth        | |  1.0

Action                   |  1- 3 |  4- 6 |  7- 9 | 10-12 || total
-------------------------+-------+-------+-------+-------++-------
Melee: Unarmed           |    98 |   205 |   174 |   284 ||   761
       Punch             |     2 |     5 |    10 |    16 ||    33
Invok: Ancestor Life: Ba |       |       |     1 |       ||     1
       Ancestor Identity |       |       |     1 |       ||     1
Evoke: Wand              |       |       |       |    16 ||    16
  Use: Potion            |       |       |     2 |     8 ||    10
       Scroll            |       |       |     9 |    10 ||    19
 Stab: Sleeping          |     2 |     1 |     1 |     4 ||     8
       Distracted        |       |     1 |     2 |       ||     3
       Invisible         |       |       |       |     3 ||     3
  Eat: Chunk             |    13 |    12 |    23 |    51 ||    99
       Ration            |       |       |       |     1 ||     1
Armor: Robe              |    59 |    57 |    30 |    30 ||   176
Dodge: Dodged            |    57 |   115 |   101 |   152 ||   425
Block: Other             |       |       |     2 |    66 ||    68
       Reflection        |       |       |       |     2 ||     2

Table legend:
 A = Non-vault XP
 B = Vault XP
 C = Vault XP percentage of total XP
 D = Non-vault monster count
 E = Vault monster count
 F = Vault count percentage of total count
                 A         B        C        D         E       F
            +---------+---------+-------+---------+---------+-------
      Total |   15829 |    5900 |  27.2 |     242 |      29 |  10.7
            +---------+---------+-------+---------+---------+-------
        D:1 |      75 |       0 |   0.0 |      39 |       0 |   0.0
        D:2 |      60 |     108 |  64.3 |      22 |      13 |  37.1
        D:3 |      87 |       0 |   0.0 |      16 |       0 |   0.0
        D:4 |     380 |       0 |   0.0 |      16 |       0 |   0.0
        D:5 |     315 |     172 |  35.3 |       6 |       1 |  14.3
        D:6 |     759 |     673 |  47.0 |      23 |       1 |   4.2
        D:7 |    1150 |    1007 |  46.7 |      19 |       1 |   5.0
        D:8 |    1034 |     475 |  31.5 |      15 |       1 |   6.2
        D:9 |    2547 |     515 |  16.8 |      43 |       4 |   8.5
     Lair:1 |    2565 |     495 |  16.2 |      12 |       1 |   7.7
     Lair:2 |    3700 |     726 |  16.4 |      12 |       4 |  25.0
     Lair:3 |    1570 |     404 |  20.5 |      11 |       2 |  15.4
     Lair:4 |    1587 |    1325 |  45.5 |       8 |       1 |  11.1
            +---------+---------+-------+---------+---------+-------
